 Dungeon Sprint DCSS version 0.25.1-2-g60ff931df9 (webtiles) character file.

Game seed: 3030786225619639183

2173 lepoulpe303 the Cleaver (level 9, -4/97 HPs)
             Began as a Deep Dwarf Fighter on Sept 26, 2020.
             Was a Priest of Makhleb.
             Killed from afar by a lindwurm (21 damage)
             ... with a blast of flame
             ... in the Dungeon (Sprint I: "Red Sonja").
             The game lasted 00:05:37 (479 turns).

lepoulpe303 the Cleaver (Deep Dwarf Fighter)         Turns: 479, Time: 00:05:37

Health: -4/97      AC: 15    Str: 22    XL:     9   Next: 11%
Magic:  8/8        EV:  6    Int: 10    God:    Makhleb [***...]
Gold:   101        SH: 12    Dex: 12    Spells: 8/8 levels left

rFire    . . .     SeeInvis .   a - +0 war axe
rCold    . . .     Gourm    .   c - +0 kite shield
rNeg     . . .     Faith    .   g - +1 plate armour {MR+} {MR+}
rPois    .         Spirit   .   (no helmet)
rElec    .         Reflect  .   (no cloak)
rCorr    .         Harm     .   (no gloves)
MR       ++...     NoTele   +   (no boots)
Stlth    ..........             (no amulet)
HPRegen  0.00/turn              (no ring)
MPRegen  0.11/turn              (no ring)

@: non-regenerating
A: damage resistance, heal wounds, sense surroundings 2, no regeneration
a: Heal Wounds, Minor Destruction, Lesser Servant of Makhleb, Renounce Religion


You were in the Dungeon.
You worshipped Makhleb.
Makhleb was most pleased with you.
You were not hungry.

You visited 1 branch You collected 486 gold pieces.
You spent 385 gold pieces at shops.

Inventory:

Hand Weapons
 a - a +0 war axe (weapon)
Missiles
 j - 15 poisoned darts (quivered)
Armour
 b - a +0 scale mail
 c - a +0 kite shield (worn)
 g - a +1 plate armour of magic resistance (worn) {MR+}
Scrolls
 B - a scroll of blinking {!r}
Potions
 d - a potion of might
 h - a potion of haste
 i - 2 potions of magic
 l - a potion of heal wounds
 q - a potion of curing
Comestibles
 e - a ration
 f - 4 chunks of flesh


   Skills:
 * Level 11.3 Fighting
 * Level 12.9 Axes
 + Level 9.8 Armour
 + Level 9.9 Shields


You had 8 spell levels left.
You didn't know any spells.
Your spell library was empty.

Dungeon Overview and Level Annotations

Branches:
Dungeon (1/1)

Altars:
Cheibriados
Dithmenos
Elyvilon
Fedhas
Gozag
Hepliaklqana
Kikubaaqudgha
Makhleb
Nemelex Xobeh
Okawaru
Qazlal
Ru
Sif Muna
Trog
Uskayaw
Vehumet
Wu Jian
Xom
Yredelemnul
Zin
The Shining One
Jiyva
Lugonu

Shops:
D *


Innate Abilities, Weirdness & Mutations

You are resistant to damage.
You can heal yourself by infusing magical energy.
You passively map the area around you.
You do not regenerate.


Message History

You see here 27 gold pieces.
You barely miss the lindwurm. The lindwurm breathes flames at you.
The blast of flame hits you!!
* * * LOW HITPOINT WARNING * * *
You take 16 damage, and have 27/97 hp.
You hit the lindwurm. The lindwurm barely misses you.
The lindwurm claws you but does no damage.
The lindwurm claws you.
You hit the lindwurm. You block the lindwurm's attack. x2
The lindwurm claws you but does no damage.
You barely miss the lindwurm. The lindwurm bites you!
* * * LOW HITPOINT WARNING * * *
You block the lindwurm's attack. The lindwurm claws you.
* * * LOW HITPOINT WARNING * * *
You take 10 damage, and have 17/97 hp.
Your shield and plate armour prevent you from hitting the lindwurm.
The lindwurm breathes flames at you. The blast of flame hits you!!
You die...

###################*
* #__#.))...#.[#§§@k+
, + *
'..'..#...##§#§####,,
*, #__####...'§§#§#,
, * * * ####
#####..'§# * ,, ,
#≈§§ , #+####^ , ,* ,
* , +§§§ , ,,^ * , *
, * , # , , , , *, #
+ *, * , # , * +, ,
*,,


You could see a lindwurm (catching breath).

Levels and vault maps discovered:
D:        dungeon_sprint_1 [red_sonja_temple_1, red_sonja_temple_small_1]

Notes
Turn   | Place    | Note
-------+----------+-------------------------------------------
     0 | D        | lepoulpe303 the Deep Dwarf Fighter began the quest for the
                  | Orb.
     0 | D        | Reached XP level 1. HP: 20/20 MP: 1/1
     7 | D        | Identified a +0 dagger
     7 | D        | Identified a +2 leather armour of cold resistance
     7 | D        | Noticed Ijyb
    32 | D        | Killed Ijyb
    32 | D        | Reached skill level 4 in Fighting
    32 | D        | Reached skill level 4 in Axes
    32 | D        | Reached skill level 4 in Armour
    32 | D        | Reached skill level 4 in Shields
    32 | D        | Reached XP level 2. HP: 30/30 MP: 2/2
    37 | D        | Identified a cursed -3 giant club
    37 | D        | Noticed an ogre
    46 | D        | Killed an ogre
    46 | D        | Reached skill level 5 in Fighting
    46 | D        | Reached skill level 6 in Axes
    46 | D        | Reached skill level 5 in Armour
    46 | D        | Reached skill level 5 in Shields
    46 | D        | Reached XP level 3. HP: 11/39 MP: 3/3
    46 | D        | Reached XP level 4. HP: 13/46 MP: 4/4
   161 | D        | Identified a +0 scythe
   161 | D        | Identified a +2 robe of positive energy
   161 | D        | Noticed Sigmund
   173 | D        | Killed Sigmund
   173 | D        | Reached skill level 7 in Fighting
   173 | D        | Reached skill level 8 in Axes
   173 | D        | Reached skill level 6 in Armour
   173 | D        | Reached skill level 6 in Shields
   173 | D        | Reached XP level 5. HP: 49/57 MP: 5/5
   187 | D        | Found an ornate altar of the Wu Jian Council.
   187 | D        | Found a shimmering blue altar of Sif Muna.
   188 | D        | Found a burning altar of Makhleb.
   188 | D        | Found a viscous altar of Jiyva.
   188 | D        | Found a shimmering altar of Xom.
   188 | D        | Found a corrupted altar of Lugonu.
   188 | D        | Noticed a slime creature
   204 | D        | HP: 5/57 [slime creature (13)]
   207 | D        | Killed a slime creature
   207 | D        | Reached skill level 8 in Fighting
   207 | D        | Reached skill level 9 in Axes
   207 | D        | Reached skill level 7 in Armour
   207 | D        | Reached skill level 7 in Shields
   207 | D        | Reached XP level 6. HP: 16/67 MP: 5/5
   215 | D        | Became a worshipper of Makhleb the Destroyer
   221 | D        | Found a radiant altar of Vehumet.
   256 | D        | Found Kimnoo's General Store.
   256 | D        | Found an ancient bone altar of Kikubaaqudgha.
   256 | D        | Found a hazy altar of Hepliaklqana.
   256 | D        | Found a hide-covered altar of Uskayaw.
   256 | D        | Found a basalt altar of Yredelemnul.
   256 | D        | Found an opulent altar of Gozag.
   256 | D        | Found a snail-covered altar of Cheibriados.
   256 | D        | Found a sacrificial altar of Ru.
   256 | D        | Found a shadowy altar of Dithmenos.
   256 | D        | Noticed a yak
   270 | D        | Killed a yak
   270 | D        | Reached skill level 10 in Axes
   270 | D        | Reached XP level 7. HP: 47/75 MP: 6/6
   271 | D        | Found a stormy altar of Qazlal.
   271 | D        | Found a blossoming altar of Fedhas.
   271 | D        | Found a bloodstained altar of Trog.
   271 | D        | Found an iron altar of Okawaru.
   271 | D        | Found a glowing golden altar of the Shining One.
   271 | D        | Found a glowing silver altar of Zin.
   271 | D        | Found a white marble altar of Elyvilon.
   274 | D        | Found a sparkling altar of Nemelex Xobeh.
   324 | D        | Bought a +1 plate armour of magic resistance for 385 gold
                  | pieces
   351 | D        | Identified a +0 dagger
   351 | D        | Identified a +0 robe
   351 | D        | Noticed a kobold demonologist
   371 | D        | Noticed a sun demon
   372 | D        | Noticed a chaos spawn
   372 | D        | Noticed a demonic crawler
   373 | D        | Noticed an orange demon
   373 | D        | Identified a +0 dagger
   373 | D        | Identified a +0 robe
   373 | D        | Noticed a kobold demonologist
   375 | D        | Noticed a demonic crawler
   375 | D        | Killed a kobold demonologist
   375 | D        | Reached * piety under Makhleb
   375 | D        | Reached skill level 9 in Fighting
   375 | D        | Reached skill level 11 in Axes
   375 | D        | Reached skill level 8 in Armour
   375 | D        | Reached skill level 8 in Shields
   378 | D        | Noticed a demonic crawler
   383 | D        | Killed a kobold demonologist
   383 | D        | Reached skill level 10 in Fighting
   383 | D        | Reached XP level 8. HP: 78/86 MP: 7/7
   384 | D        | Paralysed by a floating eye for 2 turns
   388 | D        | Reached skill level 9 in Shields
   392 | D        | Killed a demonic crawler
   392 | D        | Reached ** piety under Makhleb
   392 | D        | Reached skill level 12 in Axes
   392 | D        | Reached skill level 9 in Armour
   404 | D        | HP: 21/87 [demonic crawler (3)]
   408 | D        | Noticed a demonic crawler
   410 | D        | HP: 21/87 [demonic crawler (2)]
   411 | D        | Killed a demonic crawler
   418 | D        | Killed a demonic crawler
   418 | D        | Reached skill level 11 in Fighting
   427 | D        | Killed a demonic crawler
   427 | D        | Reached *** piety under Makhleb
   427 | D        | Gained mutation: You passively map the area around you.
                  | [Deep Dwarf growth]
   427 | D        | Reached XP level 9. HP: 47/97 MP: 8/8
   457 | D        | Noticed a lindwurm
   478 | D        | HP: 22/97 [lindwurm (5)]
   479 | D        | Killed from afar by a lindwurm

Table legend:
 A = Turns spent in this place as a percentage of turns spent in the entire game.
 B = Non-inter-level travel turns spent in this place as a percentage of non-inter-level travel turns spent in the entire game.
 C = Inter-level travel turns spent in this place as a percentage of turns spent in this place.
 D = Turns resting spent in this place as a percentage of non-inter-level travel turns spent in this place.
 E = Turns spent auto-exploring this place as a percentage of non-inter-level travel turns spent in this place.
 F = Non-inter-level travel turns spent in this place divided by the number of levels of this place that you've seen.
                   A       B       C       D       E      F
               +-------+-------+-------+-------+-------+----------------------
         Total | 100.0 | 100.0 |   0.0 |  20.9 |   0.0 | 479.0
       Dungeon | 100.0 | 100.0 |   0.0 |  20.9 |   0.0 | 479.0
               +-------+-------+-------+-------+-------+----------------------

Table legend:
 A = Kills in this place as a percentage of kills in entire the game.
 B = Kills by you in this place as a percentage of kills by you in the entire game.
 C = Kills by friends in this place as a percentage of kills by friends in the entire game.
 D = Other kills in this place as a percentage of other kills in the entire game.
 E = Experience gained in this place as a percentage of experience gained in the entire game.
 F = Experience gained in this place divided by the number of levels of this place that you have seen.
                   A       B       C       D       E      F
               +-------+-------+-------+-------+-------+----------------------
         Total | 100.0 | 100.0 |   N/A |   N/A | 100.0 | 3105.0
       Dungeon | 100.0 | 100.0 |   N/A |   N/A | 100.0 | 3105.0
               +-------+-------+-------+-------+-------+----------------------

Skill      XL: |  1  2  3  4  5  6  7  8 |
---------------+-------------------------+-----
Fighting       | 4 5 7 8 10 11 | 11.3
Axes           | 4 6 8 9 10 11 12 | 12.9
Armour         | 4 5 6 7 8 9 |  9.8
Shields        | 4 5 6 7 8 9 |  9.9

Action                   |  1- 3 |  4- 6 |  7- 9 || total
-------------------------+-------+-------+-------++-------
Melee: War axe           |    30 |    41 |    62 ||   133
 Abil: Heal Wounds       |       |     5 |     8 ||    13
  Use: Potion            |       |       |     1 ||     1
Armor: Scale mail        |    10 |     5 |       ||    15
       Plate armour      |       |       |   114 ||   114
Dodge: Dodged            |     5 |     8 |    35 ||    48
Block: Kite shield       |    14 |    15 |    91 ||   120

Vanquished Creatures
  2 kobold demonologists (D)
  4 demonic crawlers (D)
  A slime creature (D)
  Sigmund (D)
  A yak (D)
  A floating eye (D)
  An ogre (D)
  A jelly (D)
  Ijyb (D)
13 creatures vanquished.
